 Dungeon Crawl Stone Soup version 0.14.0-6-g1bc2dff (webtiles) character file.

733 Kejsarherre the Ruffian (level 7, -3/62 HPs)
             Began as a Troll Wanderer on Apr 12, 2014.
             Was a Follower of Okawaru.
             Slain by a cyclops (26 damage)
             ... on Level 4 of the Dungeon.
             The game lasted 00:05:21 (2622 turns).

Kejsarherre the Ruffian (Troll Wanderer)            Turns: 2622, Time: 00:05:21

HP  -3/62        AC  6     Str 20      XL: 7   Next:  6%
MP  11/11        EV  9     Int  9      God: Okawaru [*.....]
Gold 189         SH  0     Dex 11      Spells:  1 memorised, 10 levels left

rFire  . . .     SeeInvis .       - Unarmed
rCold  . . .     Clarity  .     b - +0 robe
rNeg   + . .     Conserve .     (shield restricted)
rPois  .         rCorr    .     (helmet restricted)
rElec  .         rRot     .     m - +0 cloak
SustAb . .       Spirit   .     (gloves unavailable)
rMut   .         Warding  .     (boots unavailable)
Gourm  +         Stasis   .     (no amulet)
MR     .....                    k - ring of positive energy {unknown}
                                (no ring)

@: not resistant to hostile enchantments, unstealthy
A: unfitting armour, claws 3, fast metabolism 3, gourmand, regeneration 2,
saprovore 2, shaggy fur 1, tough skin 2
a: Heroism, Renounce Religion


You were on level 4 of the Dungeon.
You worshipped Okawaru.
Okawaru was aware of your devotion.
You were very full.

You visited 1 branch of the dungeon, and saw 4 of its levels.

You collected 189 gold pieces.

Inventory:

Armour
 b - a +0 robe (worn)
 m - a +0 cloak (worn)
Magical devices
 r - a wand of polymorph (14)
Comestibles
 d - 4 meat rations
 l - a choko
 p - an apricot
 q - 10 sultanas
 z - a bread ration
Scrolls
 h - 5 scrolls of identify {unknown}
 j - a scroll of noise {unknown}
 n - 3 scrolls of remove curse {unknown}
 x - a scroll of teleportation {unknown}
 y - a scroll of magic mapping {unknown}
 A - a scroll of enchant weapon I {unknown}
Jewellery
 c - an uncursed ring of ice
 k - a ring of positive energy (right claw) {unknown}
 s - a +1 ring of evasion {unknown}
Potions
 a - 2 potions of degeneration {unknown}
 e - 2 potions of curing {unknown}
 f - 2 potions of heal wounds {unknown}
 g - a potion of might {unknown}
 i - a potion of invisibility {unknown}
 o - a potion of haste {unknown}
 t - a potion of mutation {unknown}
 u - a potion of flight {unknown}
 v - a potion of resistance {unknown}
 w - 2 potions of brilliance {unknown}


   Skills:
 + Level 1.1 Fighting
 - Level 1.0 Throwing
 + Level 7.2 Unarmed Combat
 - Level 2.6 Spellcasting
   Level 1.0 Necromancy
   Level 1.3 Translocations
   Level 1.0 Earth Magic
 - Level 1.0 Evocations


You had 10 spell levels left.
You knew the following spells:

 Your Spells              Type           Power        Failure   Level  Hunger
a - Flame Tongue          Conj/Fire      #....        34%         1    ##.....


Dungeon Overview and Level Annotations

Branches:
Dungeon (4/15)
 Temple: D:4-7

Altars:
Elyvilon
Fedhas
Nemelex Xobeh
Okawaru


Innate Abilities, Weirdness & Mutations

You are too large for most types of armour.
You have claws for hands.
Your metabolism is lightning-fast.
You like to eat raw meat.
You heal very quickly.
You can eat rotten meat.
You are covered in fur (AC +1).
You have very tough skin (AC +2).


Message History

Zapping:
r - a twisted lead wand
Press: ? - help, Shift-Dir - straight line Nothing appears to happen.
r - a wand of polymorph {zapped: 1} The cyclops throws a large rock.
The large rock hits you!
You see here a large rock.
You start resting.
You hit the cyclops.
The cyclops begins to bleed from its wounds!
The cyclops is lightly wounded.
The cyclops hits you!
You barely miss the cyclops.
The cyclops is lightly wounded.
The cyclops hits you!
You claw the cyclops!
The cyclops is moderately wounded.
You completely miss the cyclops.
The cyclops is moderately wounded.
The cyclops hits you!
You die...

##########
#....C...#
#C######C# #..#
##@######## #....
#.........# #
#....##.........#
#
#..C..#.........#
#
##....#.........#
# ....#.........#
# ##..#.........#
# #....<....# #
###.####.## #####


You could see a cyclops (bleeding).

Vanquished Creatures
  2 ogres (D:4)
  A killer bee (D:4)
  2 hounds (D:4)
  2 centaur skeletons (D:4)
  A worker ant (D:4)
  10 adders
  3 worms
  An ooze (D:2)
  5 orcs
  8 bats
  6 giant cockroaches
  12 goblins
  10 hobgoblins
  5 jackals (D:2)
  5 kobolds
  2 quokkas (D:3)
  A ball python (D:3)
  3 giant geckos
  2 giant newts
  A giant newt skeleton (D:4)
  An orc skeleton (D:4)
  12 rats
95 creatures vanquished.

Notes
Turn   | Place    | Note
--------------------------------------------------------------
     0 | D:1      | Kejsarherre, the Troll Wanderer, began the quest for the Orb.
     0 | D:1      | Reached XP level 1. HP: 16/16 MP: 5/5
   176 | D:1      | Reached skill level 1 in Unarmed Combat
   292 | D:1      | Reached XP level 2. HP: 24/24 MP: 6/6
   863 | D:2      | Reached XP level 3. HP: 15/31 MP: 7/7
   935 | D:2      | Reached skill level 3 in Unarmed Combat
  1125 | D:2      | Reached XP level 4. HP: 37/39 MP: 8/8
  1259 | D:2      | Found a sparkling altar of Nemelex Xobeh.
  1278 | D:2      | Reached skill level 4 in Unarmed Combat
  1528 | D:3      | Found a blossoming altar of Fedhas.
  1632 | D:3      | Reached XP level 5. HP: 45/45 MP: 8/8
  1731 | D:3      | Reached skill level 5 in Unarmed Combat
  2065 | D:4      | Noticed an ogre
  2231 | D:4      | Reached XP level 6. HP: 49/54 MP: 10/10
  2254 | D:4      | Found an iron altar of Okawaru.
  2311 | D:4      | Became a worshipper of Warmaster Okawaru
  2336 | D:4      | Found a white marble altar of Elyvilon.
  2344 | D:4      | Killed an ogre
  2344 | D:4      | Reached skill level 6 in Unarmed Combat
  2463 | D:4      | Noticed an ogre
  2476 | D:4      | Killed an ogre
  2476 | D:4      | Reached skill level 1 in Fighting
  2530 | D:4      | Acquired Okawaru's first power
  2530 | D:4      | Reached skill level 7 in Unarmed Combat
  2530 | D:4      | Reached XP level 7. HP: 54/62 MP: 11/11
  2600 | D:4      | Noticed a cyclops
  2622 | D:4      | Slain by a cyclops

Action                   |  1- 3 |  4- 6 |  7- 9 || total
-------------------------+-------+-------+-------++-------
Melee: Unarmed           |   124 |   176 |    10 ||   310
Evoke: Wand              |       |       |     1 ||     1
